 Dungeon Crawl Stone Soup version 0.19.1-1-g22dce08 (webtiles) character file.

1052 JeffiDaFish the Shield-Bearer (level 8, -3/48 HPs)
             Began as a Gargoyle Fighter on Jan 8, 2017.
             Slain by a killer bee (6 damage)
             ... on level 5 of the Dungeon.
             The game lasted 00:09:37 (4135 turns).

JeffiDaFish the Shield-Bearer (Gargoyle Fighter)    Turns: 4135, Time: 00:09:37

Health: -3/48      AC: 16    Str: 24    XL:     8   Next: 26%
Magic:  8/8        EV:  7    Int: 10    God:
Gold:   315        SH: 10    Dex: 11    Spells: 0 memorised, 7 levels left

rFire  . . .     SeeInvis .     n - +0 morningstar
rCold  . . .     Gourm    .     q - +0 chain mail
rNeg   + . .     Faith    .     c - +0 shield
rPois  ∞         Spirit   .     (no helmet)
rElec  +         Reflect  .     e - +0 cloak
rCorr  .         Harm     .     (no gloves)
MR     .....                    (no boots)
Stlth  ..........               (no amulet)
                                i - ring of wizardry
                                (no ring)

@: mighty, very slightly contaminated
A: negative energy resistance 1, electricity resistance, unbreathing,
petrification resistance, rot immunity, AC +5
a: no special abilities


You were on level 5 of the Dungeon.
You were not hungry.

You visited 1 branch of the dungeon, and saw 5 of its levels.
You also visited: Sewer.

You collected 315 gold pieces.

Inventory:

Hand Weapons
 n - a +0 morningstar (weapon)
Armour
 c - a +0 shield (worn)
 e - a +0 cloak (worn)
 q - a +0 chain mail (worn)
Jewellery
 i - a ring of wizardry (right hand)
Scrolls
 b - a scroll of fear
 j - 5 scrolls of recharging
 o - a scroll of remove curse
 p - 4 scrolls of identify
Potions
 d - 3 potions of might
Comestibles
 a - a chunk of flesh
 f - 4 bread rations
 g - 16 fruits
 h - 2 meat rations
 k - 2 beef jerkies


   Skills:
 + Level 4.7 Fighting
 + Level 5.9 Maces & Flails
 + Level 5.3 Armour
 + Level 2.1 Dodging
 + Level 0.5 Stealth
 + Level 6.0 Shields


You had 7 spell levels left.
You didn't know any spells.

Dungeon Overview and Level Annotations

Branches:
Dungeon (5/15)
 Temple: D:4-7

Altars:
Hepliaklqana
Qazlal
Ru
Sif Muna
Uskayaw


Innate Abilities, Weirdness & Mutations

You are resistant to torment.
Your stone body is resilient. (AC +5)
You are immune to poison.
You resist negative energy. (rN+)
You are resistant to electric shocks. (rElec)
You can survive without breathing.
You are immune to petrification.
You are immune to rotting.


Message History

The killer bee stings you.
* * * LOW HITPOINT WARNING * * *
The killer bee stings you but does no damage.
Blink to where?
Press: ? - help, Dir - move target cursor
As you read the scroll of blinking, it crumbles to dust.
Blink to where?
Press: ? - help, Dir - move target cursor
As you read the scroll of blinking, it crumbles to dust.
The killer bee closely misses you.
You hit the killer bee.
The killer bee is almost dead.
You block the killer bee's attack.
You closely miss the killer bee. You block the killer bee's attack.
The killer bee stings you but does no damage.
Your shield and chain mail prevent you from hitting the killer bee.
You block the killer bee's attack. The killer bee closely misses you.
The killer bee stings you but does no damage.
You miss the killer bee. The killer bee stings you.
You die...

#.....## *#.##..#*#.
#......## #....#* ##
#.......####...## #
#...............##
#................##
##..........).....###
#..................#
##.....##...........
##@######..........
#y## #.......... #yy#
##.........
#..######.........
###.................
#..................(
####..####..#.......
#..# #..###..... #..#
#..* ##....


You could see 3 killer bees.

Vanquished Creatures
  An ogre (D:5)
  4 big kobolds (Sewer)
  A scorpion (D:5)
  6 killer bees (D:5)
  A centaur zombie (D:5)
  A centaur skeleton (D:4)
  An orc priest (D:4)
  2 orc wizards
  A worker ant (D:4)
  4 gnolls (D:3)
  5 adders
  5 oozes (Sewer)
  11 worms
  8 leopard geckos (D:3)
  6 orcs
  2 ball pythons (Sewer)
  5 bats
  7 giant cockroaches
  6 goblins
  2 hobgoblins (D:2)
  2 quokkas
  6 frilled lizards
  11 kobolds
  8 rats
106 creatures vanquished.

Notes
Turn   | Place    | Note
-------+----------+-------------------------------------------
     0 | D:1      | JeffiDaFish the Gargoyle Fighter began the quest for the Orb.
     0 | D:1      | Reached XP level 1. HP: 14/14 MP: 1/1
   257 | D:1      | Reached XP level 2. HP: 19/19 MP: 2/2
   811 | D:2      | Found a stormy altar of Qazlal.
   874 | D:2      | Found a hazy altar of Hepliaklqana.
   922 | D:2      | Reached XP level 3. HP: 24/24 MP: 3/3
  1336 | D:3      | Reached XP level 4. HP: 23/29 MP: 4/4
  1424 | D:3      | Reached skill level 4 in Shields
  1506 | D:3      | Found a glowing drain.
  1529 | Sewer    | Entered a sewer
  1553 | Sewer    | Noticed a big kobold
  1571 | Sewer    | Killed a big kobold
  1571 | Sewer    | Reached skill level 1 in Dodging
  1571 | Sewer    | Reached XP level 5. HP: 20/33 MP: 5/5
  1690 | Sewer    | Noticed a big kobold
  1721 | Sewer    | Killed a big kobold
  1721 | Sewer    | Reached XP level 6. HP: 35/38 MP: 6/6
  2266 | Sewer    | Reached XP level 7. HP: 23/44 MP: 7/7
  2767 | D:4      | Reached skill level 5 in Maces & Flails
  2918 | D:4      | Found a hide-covered altar of Uskayaw.
  2922 | D:4      | Found a sacrificial altar of Ru.
  2927 | D:4      | Found a deep blue altar of Sif Muna.
  2973 | D:4      | Reached skill level 5 in Shields
  3278 | D:5      | Entered Level 5 of the Dungeon
  3479 | D:5      | Reached skill level 5 in Armour
  3497 | D:5      | Reached XP level 8. HP: 16/48 MP: 8/8
  4112 | D:5      | Reached skill level 6 in Shields
  4124 | D:5      | HP: 2/48 [killer bee (5)]
  4135 | D:5      | Slain by a killer bee

Skill      XL: |  1  2  3  4  5  6  7  8 |
---------------+-------------------------+-----
Shields        | 4 5 6 |  6.0
Fighting       | 4 |  4.7
Maces & Flails | 3 4 5 |  5.9
Dodging        | 1 2 |  2.1
Armour         | 4 5 |  5.3
Stealth        | |  0.5

Action                   |  1- 3 |  4- 6 |  7- 9 || total
-------------------------+-------+-------+-------++-------
Melee: Flail             |   106 |   254 |   106 ||   466
       Morningstar       |       |       |    88 ||    88
  Use: Scroll            |     5 |     1 |     6 ||    12
       Potion            |     3 |     1 |     7 ||    11
  Eat: Chunk             |     1 |     5 |     6 ||    12
Armor: Scale mail        |    58 |    94 |    29 ||   181
       Chain mail        |       |       |   163 ||   163
Dodge: Dodged            |    30 |    66 |    92 ||   188
Block: Shield            |    64 |    92 |   199 ||   355
